 Dungeon Crawl Stone Soup version 0.22.1-1-ga44c0e5 (webtiles) character file.

230 JeffiDaFish the Grave Robber (level 5, -7/28 HPs)
             Began as a Deep Elf Necromancer on Sept 28, 2018.
             Killed by divine providence
             ... invoked by an orc priest
              (9 damage)
             ... on level 5 of the Dungeon.
             The game lasted 00:12:42 (4677 turns).

JeffiDaFish the Grave Robber (Deep Elf Necromancer) Turns: 4677, Time: 00:12:43

Health: -7/28      AC:  3    Str:  5    XL:     5   Next: 72%
Magic:  11/14      EV: 13    Int: 24    God:
Gold:   181        SH:  0    Dex: 15    Spells: 7/14 levels left

rFire    . . .     SeeInvis .   e - +0 dagger
rCold    . . .     Gourm    .   (no shield)
rNeg     + . .     Faith    .   f - +0 robe
rPois    .         Spirit   .   (no helmet)
rElec    .         Reflect  .   k - +0 cloak
rCorr    .         Harm     .   (no gloves)
MR       .....                  (no boots)
Stlth    ++........             (no amulet)
HPRegen  0.09/turn              d - ring of positive energy
MPRegen  0.14/turn              h - +3 ring of intelligence

@: no status effects
A: no striking features
a: no special abilities


You were on level 5 of the Dungeon.
You were hungry.

You visited 1 branch of the dungeon, and saw 5 of its levels.

You collected 181 gold pieces.

Inventory:

Hand Weapons
 e - a +0 dagger (weapon)
Armour
 f - a +0 robe (worn)
 g - a +0 buckler
 k - a +0 cloak (worn)
Jewellery
 d - a ring of positive energy (left hand)
 h - a +3 ring of intelligence (right hand)
Wands
 l - a wand of paralysis (13)
Scrolls
 b - 3 scrolls of remove curse
 i - 4 scrolls of teleportation
 n - a scroll of amnesia
Potions
 a - a potion of brilliance
 j - a potion of ambrosia
 m - a potion of agility
Comestibles
 c - 10 rations


   Skills:
 - Level 2.4 Dodging
 - Level 2.4 Stealth
 + Level 0.5 Shields
 * Level 5.3 Spellcasting
 + Level 2.0 Charms
 * Level 7.0 Necromancy


You had 7 spell levels left.
You knew the following spells:

 Your Spells              Type           Power        Failure   Level  Hunger
a - Pain                  Necr           ####         1%          1    None
b - Vampiric Draining     Necr           #####.....   1%          3    ##.....
c - Regeneration          Chrm/Necr      ####......   4%          3    ##.....

Your spell library contained the following spells:

 Spells                   Type           Power        Failure   Level  Hunger
 Animate Skeleton         Necr           N/A          1%          1    None
 Animate Dead             Necr           N/A          4%          4    ####...


Dungeon Overview and Level Annotations

Branches:
Dungeon (5/15)
 Temple: D:4-7

Altars:
Ru
Trog
Wu Jian
Yredelemnul

Annotations:
D:4 3 runed doors, Wastrel's ghost, amateur NaGl


Message History

Press: ? - help, Shift-Dir - straight line, f/p - orc wizard
Aim: an orc wizard, wielding a dagger and wearing a robe (heavily wounded, The orc wizard barely resists.
Casting: Pain (safe; 1% risk of failure)
Confirm with . or Enter, or press ? or * to list all spells.
Aiming: Pain (safe; 1% risk of failure)
Press: ? - help, Shift-Dir - straight line, f/p - orc wizard
Aim: an orc wizard, wielding a dagger and wearing a robe (heavily wounded, The orc wizard writhes in agony!
The orc priest shouts!
The orc wizard hits you with a dagger.
The orc priest calls down the wrath of Beogh upon you.
Beogh smites you!
Ouch! That really hurt!
* * * LOW HITPOINT WARNING * * *
The orc wizard hits you with a dagger.
* * * LOW HITPOINT WARNING * * *
The orc priest mumbles some strange prayers to Beogh against you.
Beogh smites you!
You die...

.. #. #$.....
#.###. #......
. #.....
#...... (^
#..... #......
≈^^ #....
#......### .(#
##....
#.....^§§#≈.≈#≈
......
#......§(§^..^.
##....
#......@o......
#...#
###[.(.o...#...
#.. #
#.....$...o..
#. #
#...Soo..##....
# #.......##
.o. #....(...
...#
#.......###..
#....(....[.
#...).....# #


You could see 3 orc priests, an orc wizard, an adder and an orc.

Vanquished Creatures
  A hound (D:5)
  Crazy Yiuf (D:2)
  An orc priest (D:5)
  4 adders
  2 oozes (D:1)
  3 worms
  3 dart slugs
  3 leopard geckos
  3 orcs
  2 giant cockroaches
  3 goblins
  4 hobgoblins
  10 jackals
  2 quokkas (D:2)
  3 ball pythons
  11 bats
  5 frilled lizards
  A jackal skeleton (D:4)
  4 kobolds
  A leopard gecko skeleton (D:3)
  12 rats
79 creatures vanquished.

Notes
Turn   | Place    | Note
-------+----------+-------------------------------------------
     0 | D:1      | JeffiDaFish the Deep Elf Necromancer began the quest for
                  | the Orb.
     0 | D:1      | Reached XP level 1. HP: 10/10 MP: 6/6
   108 | D:1      | Reached skill level 5 in Necromancy
   151 | D:1      | Reached XP level 2. HP: 6/15 MP: 2/8
  1022 | D:1      | Reached XP level 3. HP: 17/19 MP: 7/10
  1599 | D:2      | Reached skill level 6 in Necromancy
  1937 | D:2      | Found a sacrificial altar of Ru.
  2010 | D:2      | Reached XP level 4. HP: 23/24 MP: 9/12
  2137 | D:2      | Found a runed door.
  2322 | D:3      | Learned a level 3 spell: Vampiric Draining
  2387 | D:3      | Found a basalt altar of Yredelemnul.
  2689 | D:3      | Learned a level 3 spell: Regeneration
  2920 | D:3      | Found an ornate altar of the Wu Jian Council.
  3223 | D:4      | Noticed a phantom
  3347 | D:2      | Noticed Crazy Yiuf
  3351 | D:2      | Killed Crazy Yiuf
  3351 | D:2      | Reached skill level 1 in Charms
  3351 | D:2      | Reached XP level 5. HP: 24/28 MP: 9/14
  3473 | D:4      | Found a runed gate.
  3483 | D:4      | Found a runed gate.
  3484 | D:4      | Found a runed gate.
  3485 | D:4      | Noticed Wastrel's ghost (amateur NaGl)
  3583 | D:4      | Noticed a moth of wrath
  3586 | D:4      | Found a bloodstained altar of Trog.
  4204 | D:5      | Entered Level 5 of the Dungeon
  4221 | D:5      | Reached skill level 5 in Spellcasting
  4544 | D:5      | Noticed a phantom
  4547 | D:5      | Reached skill level 7 in Necromancy
  4677 | D:5      | Killed from afar by an orc priest

Skill      XL: |  1  2  3  4  5 |
---------------+----------------+-----
Necromancy     | 5 6 7 |  7.0
Spellcasting   | 4 5 |  5.3
Charms         | 1 2 |  2.0
Dodging        | |  2.4
Stealth        | |  2.4
Shields        | |  0.5

Action                   |  1- 3 |  4- 6 || total
-------------------------+-------+-------++-------
Melee: Dagger            |     9 |    49 ||    58
       Unarmed           |     1 |       ||     1
 Cast: Pain              |    61 |    80 ||   141
       Vampiric Draining |       |     3 ||     3
       Regeneration      |       |     3 ||     3
  Use: Scroll            |     5 |     4 ||     9
       Potion            |     4 |     6 ||    10
 Stab: Sleeping          |       |     2 ||     2
  Eat: Chunk             |     3 |     8 ||    11
Armor: Robe              |     3 |    12 ||    15
       Skin              |       |     3 ||     3
Dodge: Dodged            |    13 |    51 ||    64
